 Dungeon Crawl Stone Soup version 0.30.1-3-gfc49f6343a (webtiles) character file.

Game seed: 9420193592078094805

28 KyoPewz the Cudgeller (level 3, 0/36 HPs)
             Began as an Ogre Gladiator on July 31, 2023.
             Slain by an adder (2 damage)
             ... on level 2 of the Dungeon.
             The game lasted 00:01:09 (919 turns).

KyoPewz the Cudgeller (Ogre Gladiator)               Turns: 919, Time: 00:01:10

Health: 0/36       AC:  3    Str: 20    XL:     3   Next: 14%
Magic:  3/3        EV: 10    Int:  9    God:
Gold:   37         SH:  0    Dex: 10    Spells: 2/2 levels left

rFire   . . .        a - +0 flail
rCold   . . .        (no shield)
rNeg    . . .        b - +0 robe
rPois   .            c - +0 hat
rElec   .            (no cloak)
rCorr   .            (gloves unavailable)
SInv    .            (boots unavailable)
Will    .....        (no amulet)
Stlth   +            (no ring)
HPRegen 0.26/turn    (no ring)
MPRegen 0.08/turn

%: no passive effects
@: no status effects
A: large, unfitting armour, tough skin 1
a: no special abilities


You were on level 2 of the Dungeon.
You visited 1 branch of the dungeon, and saw 2 of its levels.

You collected 37 gold pieces.

Inventory:

Hand Weapons
 a - a +0 flail (weapon)
Missiles
 d - 3 throwing nets (quivered)
 e - a large rock
 f - 10 stones
Armour
 b - a +0 robe (worn)
 c - a +0 hat (worn)
Scrolls
 g - 2 scrolls of teleportation {unknown}
 h - a scroll of identify {unknown}


   Skills:
 - Level 2.6 Fighting
 + Level 3.8 Maces & Flails
 - Level 2.0 Throwing
 - Level 2.6 Dodging


You had 2 spell levels left.
You didn't know any spells.
Your spell library was empty.

Dungeon Overview and Level Annotations

Branches:
Dungeon (2/15)

Altars:


Innate Abilities, Weirdness & Mutations

You are too large for most types of armour.
You have tough skin. (AC +1)


Message History

The adder bites you. The endoplasm hits you. The adder bites you.
You are poisoned.
The adder poisons you!
You take 8 damage, and have 15/36 hp.
MASSIVE DAMAGE!!
You barely miss the adder.
The adder is severely wounded.
You feel sick. The adder bites you. The endoplasm misses you.
You take 3 damage, and have 12/36 hp.
You completely miss the adder.
The adder is severely wounded.
You feel sick. The adder barely misses you.
The endoplasm hits you but does no damage.
The adder misses you.
You barely miss the adder.
The adder is severely wounded.
You feel sick.
You are no longer poisoned.
A ball python comes into view.
The endoplasm freezes you.
You are frozen.
* * * LOW HITPOINT WARNING * * *
The adder closely misses you. The endoplasm misses you.
The adder barely misses you.
The ball python moves out of view.
You take 5 damage, and have 7/36 hp.
You closely miss the adder.
The adder is severely wounded.
The adder closely misses you. The endoplasm freezes you.
You are frozen.
* * * LOW HITPOINT WARNING * * *
You take 2 damage, and have 5/36 hp.
The ball python hisses angrily.
You hit the adder.
The adder is almost dead.
The adder bites you but does no damage. The endoplasm freezes you.
You are frozen.
* * * LOW HITPOINT WARNING * * *
The adder bites you.
You die...

.# ...##... ...
#......#
#..#.[...<#
.##.#......#
...........##
............## .
......$.J....### ..
.......@S..#.#.#.#.
...#####?..........
+...#.......
#...))..>...
#...#S......
#............
#....#....)..
##.#.........
#.###.#.#.#.


You could see an adder, an endoplasm and a ball python.

Vanquished Creatures
  A dart slug (D:1)
  An endoplasm (D:1)
  3 goblins
  3 hobgoblins (D:1)
  3 quokkas (D:1)
  6 bats (D:1)
  4 kobolds
  4 rats (D:1)
25 creatures vanquished.

Notes
Turn   | Place    | Note
-------+----------+-------------------------------------------
     0 | D:1      | KyoPewz the Ogre Gladiator began the quest for the Orb.
     0 | D:1      | Reached XP level 1. HP: 22/22 MP: 1/1
   154 | D:1      | Reached skill level 3 in Maces & Flails
   210 | D:1      | Reached XP level 2. HP: 29/29 MP: 2/2
   584 | D:1      | Reached XP level 3. HP: 8/36 MP: 3/3
   919 | D:2      | Slain by an adder

Illustrated notes

Levels and vault maps discovered:
D:1:      psy_arrival_conway, layout_rooms, kennysheep_decorative_pillar,
          dreamdust_mushroom_princess, chequers_decorated_corner
D:2:      layout_rooms, basic_altar, minmay_fountain_box,
          kennysheep_nondescript, st_stairs_4

Skill      XL: |  1 |
---------------+----+-----
Maces & Flails | 3 |  3.8
Fighting       | |  2.6
Throwing       | |  2.0
Dodging        | |  2.6

Action                     || total
---------------------------++-------
  Melee: Flail             ||   122
         Punch             ||     2
 Armour: Robe              ||    67
  Dodge: Dodged            ||   109
